 Dungeon Crawl Stone Soup version 0.25.1-1-g288607f5aa (webtiles) character file.

Game seed: 198471237460738555

65 protoss039 the Chiller (level 3, -2/25 HPs)
             Began as a Mummy Ice Elementalist on July 25, 2020.
             Slain by Sigmund
             ... wielding a +0 scythe
              (6 damage)
             ... on level 2 of the Dungeon.
             The game lasted 00:04:21 (2014 turns).

protoss039 the Chiller (Mummy Ice Elementalist)     Turns: 2014, Time: 00:04:22

Health: -2/25      AC:  2    Str: 12    XL:     3   Next: 92%
Magic:  2/8        EV: 12    Int: 14    God:
Gold:   91         SH:  0    Dex: 12    Spells: 8/9 levels left

rFire    x . .     SeeInvis .   b - +0 dagger
rCold    + . .     Gourm    .   (no shield)
rNeg     + + +     Faith    .   a - +0 robe
rPois    ∞         Spirit   .   (no helmet)
rElec    .         Reflect  .   (no cloak)
rCorr    .         Harm     .   (no gloves)
MR       .....                  (no boots)
Stlth    +.........             (no amulet)
HPRegen  0.08/turn              (no ring)
MPRegen  0.11/turn              (no ring)

@: confused
A: no food or potions, fire vulnerability, cold resistance 1, negative energy
resistance 3, torment resistance, unbreathing
a: no special abilities


You were on level 2 of the Dungeon.
You were not hungry.

You visited 1 branch of the dungeon, and saw 2 of its levels.

You collected 91 gold pieces.

Inventory:

Hand Weapons
 b - a +0 dagger (weapon)
Armour
 a - a +0 robe (worn)
Scrolls
 c - a scroll of noise {unknown}
 d - 3 scrolls of immolation {unknown}
 e - 2 scrolls of teleportation {unknown}
 f - a scroll of magic mapping {unknown}
 g - a scroll of fog {unknown}
 h - a scroll of identify {unknown}


   Skills:
 * Level 0.9 Fighting
 - Level 1.0 Armour
 - Level 1.5 Dodging
 - Level 1.5 Stealth
 + Level 3.5 Spellcasting
 + Level 3.9 Ice Magic


You had 8 spell levels left.
You knew the following spells:

 Your Spells              Type           Power        Failure   Level  Hunger
a - Freeze                Ice            ##..         4%          1    N/A

Your spell library contained the following spells:

 Spells                   Type           Power        Failure   Level  Hunger
 Frozen Ramparts          Ice            ##....       12%         3    N/A
 Ozocubu's Armour         Chrm/Ice       #.......     26%         3    N/A
 Hailstorm                Conj/Ice       #.......     65%         4    N/A
 Summon Ice Beast         Ice/Summ       #.......     65%         4    N/A

Dungeon Overview and Level Annotations

Branches:
Dungeon (2/15)

Altars:
Elyvilon
Fedhas

Annotations:
D:2 Sigmund


Innate Abilities, Weirdness & Mutations

You do not eat or drink.
Your flesh is vulnerable to fire.
You are immune to poison.
Your flesh is cold resistant. (rC+)
You are immune to negative energy. (rN+++)
You are immune to unholy pain and torment.
You can survive without breathing.


Message History

Sigmund casts a spell at you.
You are confused.
You're too confused to cast spells.
Unknown command.
You miss Sigmund.
Sigmund is almost dead.
Sigmund barely misses you.
Unknown command.
Sigmund gestures at you while chanting. The magic dart hits you.
* * * LOW HITPOINT WARNING * * *
Unknown command.
You can't drink.
You bump into the rock wall.
Sigmund misses you.
Unknown command.
You bump into the rock wall.
Unknown command.
You bump into the rock wall.
Sigmund hits you from afar with a +0 scythe.
You die...

... # #.# # #.# #
#.# # #.# # #.# #
#@# # #.# # #@# ##
#.# ##. #.# ##.#
#.#############.##
#..............##
###############)##
##.# ##### #(...


You could see Sigmund.

Vanquished Creatures
  4 adders (D:2)
  A leopard gecko (D:2)
  A giant cockroach (D:2)
  4 hobgoblins (D:2)
  2 jackals (D:2)
  5 bats
  3 frilled lizards
  2 goblins (D:1)
  6 kobolds
  3 rats
31 creatures vanquished.

Vanquished Creatures (others)
  A quokka (D:2)
  A frilled lizard (D:2)
2 creatures vanquished.

Grand Total: 33 creatures vanquished

Notes
Turn   | Place    | Note
-------+----------+-------------------------------------------
     0 | D:1      | protoss039 the Mummy Ice Elementalist began the quest for
                  | the Orb.
     0 | D:1      | Reached XP level 1. HP: 13/13 MP: 4/4
   600 | D:1      | Reached XP level 2. HP: 19/19 MP: 5/5
  1010 | D:2      | Found a white marble altar of Elyvilon.
  1070 | D:2      | Reached XP level 3. HP: 3/25 MP: 4/7
  1429 | D:2      | Found a blossoming altar of Fedhas.
  1675 | D:2      | Reached skill level 1 in Armour
  1998 | D:2      | Noticed Sigmund
  2014 | D:2      | Slain by Sigmund

Illustrated notes

Levels and vault maps discovered:
D:1:      dpeg_arrival_orchard, layout_basic, minmay_split_cup_large
D:2:      layout_loops_ring, elyvilon_altar_4, lemuel_coloured_pillars_altar,
          uniq_sigmund

Skill      XL: |  1  2  3 |
---------------+----------+-----
Spellcasting   | 3 |  3.5
Armour         | 1 |  1.0
Fighting       | |  0.9
Dodging        | |  1.5
Stealth        | |  1.5
Ice Magic      | |  3.9

Action                   || total
-------------------------++-------
Melee: Club              ||    11
       Short sword       ||     4
       Unarmed           ||     1
       Dagger            ||    46
 Cast: Freeze            ||    37
 Stab: Sleeping          ||     3
Armor: Robe              ||    21
Dodge: Dodged            ||    57
